 Dungeon Crawl Stone Soup version 0.18-a0-265-g7d804c3 (webtiles) character file.

83 Proton the Shield-Bearer (level 4, -5/37 HPs)
             Began as a Formicid Fighter on Nov 26, 2015.
             Killed by divine providence
             ... invoked by an orc priest
              (16 damage)
             ... on level 3 of the Dungeon.
             The game lasted 00:03:39 (2442 turns).

Proton the Shield-Bearer (Formicid Fighter)         Turns: 2442, Time: 00:03:39

Health: -5/37      AC:  8    Str: 22    XL:     4   Next: 71%
Magic:  4/4        EV:  9    Int:  7    God:
Gold:   150        SH:  9    Dex: 10    Spells: 0 memorised, 3 levels left

rFire  . . .     SeeInvis +     a - +0 war axe
rCold  . . .     Clarity  .     n - +3 ring mail
rNeg   . . .     SustAt   .     c - +0 shield
rPois  .         Gourm    .     (helmet unavailable)
rElec  .         Spirit   .     (no cloak)
rCorr  .         Warding  .     (no gloves)
rMut   .         Stasis   +     (no boots)
MR     .....                    (no amulet)
Stlth  ..........               (no ring)
                                (no ring)

@: drained, not resistant to hostile enchantments, extremely unstealthy
A: permanent stasis, dig shafts and tunnels, four strong arms, antennae 3
a: Dig, Shaft Self


You were on level 3 of the Dungeon.
You were hungry.

You visited 1 branch of the dungeon, and saw 4 of its levels.

You collected 150 gold pieces.

Inventory:

Hand Weapons
 a - a +0 war axe (weapon)
Armour
 c - a +0 shield (worn)
 n - a +3 ring mail (worn)
Jewellery
 q - an uncursed amulet of clarity {unknown}
Scrolls
 e - a scroll of fear {unknown}
 g - 2 scrolls of amnesia {unknown}
 l - a scroll of magic mapping {unknown}
 r - a scroll of recharging {unknown}
Potions
 d - a potion of might
 f - 2 potions of lignification {unknown}
 h - a potion of heal wounds {unknown}
 i - a potion of haste {unknown}
 k - 2 potions of flight {unknown}
 o - 3 potions of curing {unknown}
 p - 2 potions of agility {unknown}
Comestibles
 b - 2 fruits
 j - 2 meat rations
 m - 2 slices of pizza


   Skills:
 + Level 3.8(3.5) Fighting
 + Level 2.8(2.5) Axes
 + Level 3.7(3.4) Armour
 + Level 1.6(1.3) Dodging
 + Level 3.9(3.6) Shields


You had 3 spell levels left.
You didn't know any spells.

Dungeon Overview and Level Annotations

Branches:
Dungeon (4/15)
 Temple: D:4-7

Altars:
Dithmenos
Okawaru

Annotations:
D:4 Eustachio


Innate Abilities, Weirdness & Mutations

You are under a permanent stasis effect.
You can dig through walls and to a lower floor.
Your four strong arms can wield two-handed weapons with a shield.
You have a pair of large antennae on your head (SInv).


Message History

The jackal bites you but does no damage. x2
You barely miss the jackal.
The jackal is heavily wounded.
The orc priest shouts!
You block the jackal's attack.
The jackal bites you but does no damage.
The orc priest calls down the wrath of Beogh upon you.
Something smites you!
You closely miss the jackal.
The jackal is heavily wounded.
You block the jackal's attack.
The orc priest mumbles some strange prayers to Beogh against you.
Something smites you! The jackal bites you.
* * * LOW HITPOINT WARNING * * *
You are too injured to fight recklessly!
The jackal bites you.
* * * LOW HITPOINT WARNING * * *
The orc priest invokes the aid of Beogh against you.
Something smites you!
You die...

##.##.## ##.# #.....
#.##[.###..# #.....
#.###.)##.## #..... #.#
##....# #..... #.#
#.##.## #..... #(#
#.##..# #..... ##.##..#
#.....
##...##.#####....(
##@..o.##.......##[
#.h)....##########.
......_....o#### #.
....#.......#<...# #.
....<##.....#####.#####.
.... ##...## ##†......
..# ##.## #........ ..
#... #...(...o ##.
##..(....


You could see an orc priest, an orc and a jackal.

Vanquished Creatures
  2 adders (D:2)
  An ooze (D:1)
  8 orcs (D:3)
  8 bats
  A giant cockroach (D:2)
  6 goblins
  6 hobgoblins
  4 jackals
  3 quokkas (D:2)
  3 giant newts
  2 kobolds
  A quokka skeleton (D:3)
  4 rats
49 creatures vanquished.

Notes
Turn   | Place    | Note
--------------------------------------------------------------
     0 | D:1      | Proton the Formicid Fighter began the quest for the Orb.
     0 | D:1      | Reached XP level 1. HP: 18/18 MP: 1/1
    76 | D:1      | Reached XP level 2. HP: 21/24 MP: 2/2
   883 | D:2      | Reached skill level 1 in Dodging
   937 | D:2      | Found a shadowy altar of Dithmenos.
  1016 | D:2      | Reached XP level 3. HP: 29/29 MP: 3/3
  1700 | D:2      | Reached XP level 4. HP: 27/36 MP: 4/4
  1926 | D:3      | Found an iron altar of Okawaru.
  2077 | D:4      | Noticed Eustachio
  2442 | D:3      | Killed from afar by an orc priest

Vault maps used:
D:1:      dpeg_arrival_round_c
D:2:      lemuel_doored_altar
D:3:      lemuel_round_altar
D:4:      overflow_temple_1_default, old_standard_altar, uniq_eustachio

Action                   |  1- 3 |  4- 6 || total
-------------------------+-------+-------++-------
Melee: War axe           |    94 |    60 ||   154
  Eat: Bread ration      |     1 |       ||     1
